[Event "Rated Blitz game"]
[Site "?"]
[Date "2021.06.05"]
[Round "?"]
[White "khalid_ontawar"]
[Black "sr654"]
[Result "1-0"]
[ECO "C46"]
[WhiteElo "2400"]
[BlackElo "2465"]
[PlyCount "81"]
[EventDate "2021.??.??"]
[EventType "blitz"]
[TimeControl "180"]

1. e4 e5 2. Nc3 Nc6 3. Nf3 Nf6 4. Nxe5 Nxe5 5. d4 Ng6 6. e5 Ng8 7. Bc4 d5 8.
Bxd5 N8e7 9. Bb3 c6 10. Qf3 Nd5 11. Nxd5 cxd5 12. Bxd5 Qc7 13. c3 Be6 14. Bxb7
Rb8 15. Bc6+ Bd7 16. Bd5 Be6 17. Be4 Be7 18. h4 h5 19. Qg3 O-O 20. d5 Bxd5 21.
Bxd5 Nxe5 22. Bf4 Bd6 23. O-O Rxb2 24. Bb3 Nc4 25. Bxd6 Nxd6 26. Rad1 Rd8 27.
Rfe1 Qc5 28. Qf3 Rf8 29. Re7 a5 30. Rd7 a4 31. Bxa4 Nc4 32. Bb3 Ne5 33. Rxf7
Nxf3+ 34. Rxf3+ Kh8 35. Rxf8+ Qxf8 36. f3 Qf4 37. Rd5 Rb1+ 38. Kf2 Qxh4+ 39.
Ke2 Qe1+ 40. Kd3 Rc1 41. Rxh5# {Normal} 1-0

[Event "Rated Rapid game"]
[Site "?"]
[Date "2021.06.05"]
[Round "?"]
[White "Pollo_Patatine"]
[Black "guglash"]
[Result "0-1"]
[ECO "C46"]
[WhiteElo "2455"]
[BlackElo "2354"]
[PlyCount "176"]
[EventDate "2021.??.??"]
[EventType "rapid"]
[TimeControl "600"]

1. e4 e5 2. Nc3 Nf6 3. Nf3 Nc6 4. Nxe5 Nxe5 5. d4 Bd6 6. dxe5 Bxe5 7. Bd2 O-O
8. Bd3 d5 9. exd5 Nxd5 10. O-O Bxc3 11. bxc3 Be6 12. a4 Qf6 13. Ra3 Rad8 14. a5
Nf4 15. Bxf4 Qxf4 16. Qc1 Qxc1 17. Rxc1 c5 18. c4 Rd4 19. Rb3 Rb8 20. Rcb1 Bxc4
21. Rxb7 Rxb7 22. Rxb7 g6 23. Rxa7 Bxd3 24. cxd3 Rxd3 25. Kf1 Ra3 26. Ke2 Kg7
27. a6 h5 28. g3 Kf6 29. h4 c4 30. Kd2 Ke6 31. Rc7 Rxa6 32. Rxc4 Kf6 33. Rc3
Ra2+ 34. Ke3 Kg7 35. f3 Rg2 36. Kf4 Re2 37. Rc7 Ra2 38. Rc4 Ra3 39. g4 hxg4 40.
fxg4 Rh3 41. Kg5 f6+ 42. Kf4 Rxh4 43. Rc7+ Kh6 44. Kg3 Rh1 45. Rc8 Kg5 46. Rc5+
f5 47. gxf5 gxf5 48. Kg2 Ra1 49. Rc2 Kg4 50. Kf2 Rb1 51. Ra2 Rb3 52. Rc2 f4 53.
Ra2 Rh3 54. Ra8 Rh2+ 55. Kg1 Rb2 56. Rg8+ Kf3 57. Re8 Rb1+ 58. Kh2 Kf2 59. Rc8
Rb2 60. Re8 f3 61. Kh3 Rb6 62. Re7 Rh6+ 63. Kg4 Kg2 64. Ra7 f2 65. Ra2 Kg1 66.
Kg5 Rh8 67. Rxf2 Kxf2 68. Kf4 Rh3 69. Kg5 Kf3 70. Kg6 Rh4 71. Kg5 Kg3 72. Kf5
Rg4 73. Ke5 Rf4 74. Ke6 Kg4 75. Ke5 Kg5 76. Ke6 Rf5 77. Ke7 Rf6 78. Kd7 Kf5 79.
Ke7 Ke5 80. Kd7 Re6 81. Kc7 Rd6 82. Kb7 Kd5 83. Kc7 Kc5 84. Kb7 Rc6 85. Ka7 Rb6
86. Ka8 Rb1 87. Ka7 Kc6 88. Ka8 Kc7 {Normal} 0-1

[Event "Rated Blitz game"]
[Site "?"]
[Date "2021.06.05"]
[Round "?"]
[White "Abdabdabd"]
[Black "VladTretiak20"]
[Result "0-1"]
[ECO "C46"]
[WhiteElo "2262"]
[BlackElo "2438"]
[PlyCount "36"]
[EventDate "2021.??.??"]
[EventType "blitz"]
[TimeControl "180"]

1. Nc3 e5 2. e4 Nc6 3. Nf3 Nf6 4. Nxe5 Nxe5 5. d4 Ng6 6. e5 Ng8 7. Bc4 d6 8. f4
dxe5 9. fxe5 Be6 10. Bxe6 fxe6 11. O-O c5 12. d5 exd5 13. Nxd5 N8e7 14. c4 Nxd5
15. cxd5 Qh4 16. Be3 O-O-O 17. g3 Qe4 18. d6 Qxe3+ {Normal} 0-1

[Event "Rated Blitz game"]
[Site "?"]
[Date "2021.06.05"]
[Round "?"]
[White "khalid_ontawar"]
[Black "MagistrTortikov"]
[Result "1-0"]
[ECO "C46"]
[WhiteElo "2387"]
[BlackElo "2427"]
[PlyCount "53"]
[EventDate "2021.??.??"]
[EventType "blitz"]
[TimeControl "180"]

1. e4 e5 2. Nc3 Nc6 3. Nf3 Nf6 4. Nxe5 Nxe5 5. d4 Ng6 6. e5 Ng8 7. Bc4 c6 8.
Qf3 Qe7 9. Ne4 Nxe5 10. dxe5 f5 11. Nd6+ Kd8 12. Nf7+ Kc7 13. Nxh8 Qxe5+ 14.
Be3 d5 15. O-O-O Bd6 16. Bb3 Be6 17. Rhe1 Qf6 18. Bf4 Rd8 19. Qg3 Bxf4+ 20.
Qxf4+ Kd7 21. Qa4 a6 22. Qb4 Kc8 23. c4 dxc4 24. Rxd8+ Kxd8 25. Bxc4 Bxc4 26.
Qxc4 Ne7 27. Nf7+ {Normal} 1-0

[Event "Rated Blitz game"]
[Site "?"]
[Date "2021.06.05"]
[Round "?"]
[White "khalid_ontawar"]
[Black "behxhetshala"]
[Result "1-0"]
[ECO "C46"]
[WhiteElo "2391"]
[BlackElo "2420"]
[PlyCount "97"]
[EventDate "2021.??.??"]
[EventType "blitz"]
[TimeControl "180"]

1. e4 e5 2. Nf3 Nc6 3. Nc3 Nf6 4. Nxe5 Nxe5 5. d4 Ng6 6. e5 Ng8 7. Bc4 c6 8.
Qf3 d5 9. exd6 Be6 10. d5 cxd5 11. Bb5+ Bd7 12. Qe2+ Be7 13. dxe7 N8xe7 14.
Nxd5 O-O 15. Bxd7 Nxd5 16. Bh3 Ndf4 17. Qf3 Re8+ 18. Be3 Qa5+ 19. c3 Nxh3 20.
Qxh3 Qb5 21. O-O-O a5 22. Qd7 Qc4 23. Qd5 Qc8 24. Rd2 a4 25. a3 b5 26. Rhd1 b4
27. axb4 a3 28. Kb1 axb2 29. Kxb2 Qa6 30. Qb3 Ne5 31. b5 Qb7 32. Rd5 Ng4 33. h3
Nxe3 34. fxe3 h6 35. R1d2 Rf8 36. b6 Ra6 37. Rd6 Qe4 38. b7 Qxe3 39. b8=Q Rxb8
40. Qxb8+ Kh7 41. Qb3 Rxd6 42. Rxd6 Qe2+ 43. Qc2+ Qxc2+ 44. Kxc2 g6 45. c4 Kg7
46. c5 Kf8 47. c6 Ke7 48. Rd1 Ke8 49. c7 {Normal} 1-0

[Event "Rated Blitz game"]
[Site "?"]
[Date "2021.06.05"]
[Round "?"]
[White "SureDo"]
[Black "KlausMika"]
[Result "0-1"]
[ECO "C46"]
[WhiteElo "2302"]
[BlackElo "2426"]
[PlyCount "90"]
[EventDate "2021.??.??"]
[EventType "blitz"]
[TimeControl "180+2"]

1. e4 e5 2. Nf3 Nc6 3. Nc3 Nf6 4. Nxe5 Nxe5 5. d4 Ng6 6. e5 Ng8 7. Bc4 d6 8.
Qf3 Be6 9. Qxb7 Bxc4 10. Qc6+ Ke7 11. Qxc4 dxe5 12. Nd5+ Kd7 13. Be3 c6 14. Nc3
Nf6 15. O-O-O e4 16. d5 c5 17. Bxc5 Bxc5 18. Qxc5 Qb6 19. Qc4 Rhc8 20. Qa4+ Ke7
21. d6+ Kf8 22. d7 Rd8 23. Nxe4 Nxe4 24. Qxe4 Qxf2 25. g3 Qc5 26. Rhe1 f6 27.
h4 Ne5 28. Qxh7 Rab8 29. Qh8+ Kf7 30. Qh5+ Kg8 31. g4 Qb5 32. b3 Rxd7 33. Rxd7
Qxd7 34. g5 Qg4 35. Qxg4 Nxg4 36. Re7 a5 37. Ra7 Rb5 38. gxf6 gxf6 39. c4 Rh5
40. Kd2 Rxh4 41. Rxa5 Rh2+ 42. Kd3 Ne5+ 43. Ke4 Kf7 44. c5 Rc2 45. Kd5 Rd2+ {
Time forfeit} 0-1

[Event "Rated Blitz game"]
[Site "?"]
[Date "2021.06.05"]
[Round "?"]
[White "Abdabdabd"]
[Black "Mandalorian37"]
[Result "0-1"]
[ECO "C46"]
[WhiteElo "2316"]
[BlackElo "2447"]
[PlyCount "76"]
[EventDate "2021.??.??"]
[EventType "blitz"]
[TimeControl "180"]

1. Nc3 Nf6 2. e4 e5 3. Nf3 Nc6 4. Nxe5 Nxe5 5. d4 Ng6 6. e5 Ng8 7. Bc4 c6 8.
O-O d5 9. exd6 Bxd6 10. Re1+ N8e7 11. Bg5 O-O 12. Ne4 Bf5 13. Ng3 Be6 14. Bxe6
fxe6 15. Rxe6 Qd7 16. Qe2 Bxg3 17. hxg3 Nd5 18. Re1 Nc7 19. Re4 Rae8 20. c3
Rxe4 21. Qxe4 Re8 22. Qb1 Rxe1+ 23. Qxe1 Qe6 24. Qd1 Qxa2 25. Qg4 Qe6 26. Qd1
Nd5 27. c4 Nf6 28. b3 h6 29. Be3 Ng4 30. Bc1 Qf5 31. f3 Nf6 32. g4 Qb1 33. d5
cxd5 34. cxd5 Nf4 35. d6 Qxc1 36. Qxc1 Ne2+ 37. Kf2 Nxc1 38. Ke3 Nxb3 {Normal}
0-1

[Event "Rated Blitz game"]
[Site "?"]
[Date "2021.06.05"]
[Round "?"]
[White "piegoche"]
[Black "afchex"]
[Result "1/2-1/2"]
[ECO "C46"]
[WhiteElo "2298"]
[BlackElo "2432"]
[PlyCount "118"]
[EventDate "2021.??.??"]
[EventType "blitz"]
[TimeControl "180"]

1. e4 e5 2. Nf3 Nc6 3. Nc3 Nf6 4. Nxe5 Nxe5 5. d4 Ng6 6. e5 Ng8 7. Bc4 d5 8.
Bxd5 Bb4 9. Qf3 Bxc3+ 10. bxc3 Be6 11. Bxb7 Rb8 12. Bc6+ Bd7 13. Bd5 Be6 14.
Bxe6 fxe6 15. O-O Qd5 16. Qg4 N8e7 17. h4 h5 18. Qg5 Qe4 19. Ba3 Qxh4 20. Bxe7
Qe4 21. Bc5 h4 22. Rfe1 Qf5 23. Qxf5 exf5 24. Bxa7 Rb2 25. Re2 Nf4 26. Rd2 Rh6
27. g3 Rg6 28. Kh2 hxg3+ 29. fxg3 Rh6+ 30. Kg1 Nd5 31. c4 Ne3 32. Bc5 Nxc4 33.
Rf2 g6 34. a4 Na5 35. d5 Kd7 36. e6+ Kc8 37. e7 Rh8 38. Re1 Re8 39. g4 fxg4 40.
Rf6 Rxc2 41. Bb4 Nc4 42. Rc6 Kd7 43. Ba5 Nxa5 44. Rxc2 Nb7 45. Rc6 Rxe7 46.
Rxc7+ Kxc7 47. Rxe7+ Kb6 48. Rg7 Kc5 49. Rxb7 Kxd5 50. Rg7 Ke4 51. Rxg6 Kf3 52.
Rxg4 Kxg4 53. a5 Kg5 54. a6 Kf5 55. a7 Kf4 56. a8=Q Kg5 57. Qe8 Kf5 58. Qe7 Kg6
59. Qf8 Kg5 {Time forfeit} 1/2-1/2

[Event "Rated Blitz game"]
[Site "?"]
[Date "2021.06.04"]
[Round "?"]
[White "Snowvaz"]
[Black "Ufo84"]
[Result "1-0"]
[ECO "C46"]
[WhiteElo "2407"]
[BlackElo "2409"]
[PlyCount "57"]
[EventDate "2021.??.??"]
[EventType "blitz"]
[TimeControl "180"]

1. e4 e5 2. Nc3 Nc6 3. Nf3 Nf6 4. Nxe5 Nxe5 5. d4 Ng6 6. e5 Ng8 7. Bc4 Bb4 8.
Qf3 Bxc3+ 9. bxc3 Qe7 10. O-O Nh6 11. a4 Nh4 12. Qe4 d6 13. Re1 O-O 14. Bxh6
gxh6 15. Qf4 Qg5 16. Qe4 dxe5 17. dxe5 Bf5 18. Qxb7 Rab8 19. Qc6 Rb6 20. Qd5 c6
21. f4 Qg6 22. Qd2 Bxc2 23. Qf2 Nf5 24. e6 Be4 25. exf7+ Kg7 26. Rxe4 Nh4 27.
Qxh4 Qxe4 28. Qg3+ Kh8 29. Qg8+ {Normal} 1-0

[Event "Rated Blitz game"]
[Site "?"]
[Date "2021.06.04"]
[Round "?"]
[White "khalid_ontawar"]
[Black "YuaDewhirst"]
[Result "0-1"]
[ECO "C46"]
[WhiteElo "2416"]
[BlackElo "2457"]
[PlyCount "52"]
[EventDate "2021.??.??"]
[EventType "blitz"]
[TimeControl "180"]

1. e4 e5 2. Nc3 Nc6 3. Nf3 Nf6 4. Nxe5 Nxe5 5. d4 Ng6 6. e5 Ng8 7. Bc4 d6 8.
Qf3 Qe7 9. O-O dxe5 10. dxe5 Nxe5 11. Qe2 Nxc4 12. Qxc4 Be6 13. Qb5+ c6 14. Qa4
Qb4 15. Qxb4 Bxb4 16. Bg5 Bxc3 17. bxc3 Ne7 18. Rad1 Nd5 19. Rfe1 Nxc3 20. Rd3
Nd5 21. c4 Nb4 22. Rb3 c5 23. a3 Nc2 24. Rc1 Nd4 25. Rxb7 O-O 26. Be7 Ne2+ {
Normal} 0-1

[Event "Rated Blitz game"]
[Site "?"]
[Date "2021.06.04"]
[Round "?"]
[White "Pollo_Patatine"]
[Black "Freiheitskaempfer"]
[Result "0-1"]
[ECO "C46"]
[WhiteElo "2380"]
[BlackElo "2470"]
[PlyCount "130"]
[EventDate "2021.??.??"]
[EventType "blitz"]
[TimeControl "300"]

1. e4 e5 2. Nc3 Nf6 3. Nf3 Nc6 4. Nxe5 Nxe5 5. d4 Nc6 6. d5 Bb4 7. dxc6 Nxe4 8.
Qd4 Qe7 9. cxd7+ Bxd7 10. Be3 O-O 11. Bd3 Bc6 12. O-O Rfd8 13. Qc4 Bxc3 14.
bxc3 Bd5 15. Qb4 c5 16. Qa3 b6 17. Rfe1 Qb7 18. c4 Bc6 19. Bf4 Re8 20. Re3 Nf6
21. Bf1 Rxe3 22. Qxe3 Re8 23. Qd2 Ne4 24. Qd3 g5 25. Bg3 h5 26. f3 Nxg3 27.
hxg3 Qc7 28. Kf2 h4 29. gxh4 gxh4 30. Qf5 Qg3+ 31. Kg1 Re6 32. Bd3 h3 33. Qh7+
Kf8 34. Qxh3 Qxh3 35. gxh3 Bxf3 36. Rf1 Bh5 37. Kh2 Ke7 38. Kg3 Bg6 39. Rf3
Bxd3 40. cxd3 Re1 41. a3 Ke6 42. Kf4 Rh1 43. Re3+ Kf6 44. Kg4 Ra1 45. Rf3+ Kg6
46. h4 Rxa3 47. h5+ Kg7 48. Kg5 Ra1 49. h6+ Kg8 50. Re3 Rg1+ 51. Kf6 Rg6+ 52.
Kf5 Rxh6 53. Re8+ Kg7 54. Re7 Rf6+ 55. Ke5 Re6+ 56. Rxe6 fxe6 57. Kxe6 a5 58.
Kd6 a4 59. Kc6 a3 60. Kxb6 a2 61. Kxc5 a1=Q 62. d4 Kf6 63. d5 Ke7 64. Kc6 Kd8
65. c5 Qa6# {Normal} 0-1

[Event "Rated Blitz game"]
[Site "?"]
[Date "2021.06.04"]
[Round "?"]
[White "Abdabdabd"]
[Black "F2-freestyle"]
[Result "0-1"]
[ECO "C46"]
[WhiteElo "2278"]
[BlackElo "2434"]
[PlyCount "68"]
[EventDate "2021.??.??"]
[EventType "blitz"]
[TimeControl "180"]

1. Nc3 Nf6 2. e4 e5 3. Nf3 Nc6 4. Nxe5 Nxe5 5. d4 Ng6 6. e5 Ng8 7. Bc4 d5 8.
Bxd5 N8e7 9. Bb3 c6 10. Ne4 Nf5 11. c3 Be7 12. O-O Be6 13. Bxe6 fxe6 14. Qb3
Qd7 15. Bg5 O-O 16. Bxe7 Qxe7 17. f4 b6 18. g3 h6 19. Rae1 Rad8 20. Qa4 c5 21.
dxc5 bxc5 22. Qc4 Rd5 23. Rd1 Ne3 24. Qe2 Nxd1 25. Rxd1 Qb7 26. Nd6 Rxd1+ 27.
Qxd1 Qxb2 28. Qg4 Kh7 29. Qxe6 Qxc3 30. Kg2 Qe3 31. Nf7 Qxf4 32. Qxg6+ Kxg6 33.
gxf4 Rxf7 34. Kf3 Kf5 {Normal} 0-1

[Event "Rated Blitz game"]
[Site "?"]
[Date "2021.06.04"]
[Round "?"]
[White "forbiddencheapos"]
[Black "AlfredoCastaneda"]
[Result "1-0"]
[ECO "C46"]
[WhiteElo "2406"]
[BlackElo "2238"]
[PlyCount "26"]
[EventDate "2021.??.??"]
[EventType "blitz"]
[TimeControl "300"]

1. e4 e5 2. Nf3 Nc6 3. Nc3 Nf6 4. Nxe5 Nxe5 5. d4 Nc6 6. d5 Nb8 7. e5 Ng8 8. d6
f6 9. Bc4 Nc6 10. Nb5 cxd6 11. exd6 Bxd6 12. Nxd6+ Kf8 13. O-O Ne5 {Normal} 1-0

[Event "Rated Blitz game"]
[Site "?"]
[Date "2021.06.04"]
[Round "?"]
[White "Parkrunner2038"]
[Black "RobertMugabe"]
[Result "1-0"]
[ECO "C46"]
[WhiteElo "2405"]
[BlackElo "2327"]
[PlyCount "131"]
[EventDate "2021.??.??"]
[EventType "blitz"]
[TimeControl "180+2"]

1. e4 e5 2. Nf3 Nf6 3. Nc3 Nc6 4. Nxe5 Nxe5 5. d4 Ng6 6. e5 Ng8 7. Bc4 d6 8.
Qf3 Qd7 9. O-O c6 10. Qe2 d5 11. Nxd5 b5 12. Bd3 Qxd5 13. Be4 Qd7 14. Be3 Bb7
15. f4 f5 16. Bd3 Bb4 17. a4 a6 18. c3 Ba5 19. axb5 axb5 20. d5 N8e7 21. dxc6
Bxc6 22. Rfd1 Qb7 23. b4 Bb6 24. Rxa8+ Qxa8 25. Bxb6 O-O 26. Bc5 Rd8 27. g3 Nd5
28. Bd4 Nge7 29. Bxb5 Nxf4 30. gxf4 Bf3 31. Qf1 Bxd1 32. Qxd1 Qe4 33. Bd3 Qxf4
34. Qb3+ Kh8 35. Qf7 Qg5+ 36. Kf2 Ng8 37. Be2 Qg6 38. Qxg6 hxg6 39. Bf3 Ne7 40.
b5 Nd5 41. b6 Nf4 42. b7 Nh3+ 43. Ke3 f4+ 44. Kd2 Ng5 45. Bc6 f3 46. Ke3 Rf8
47. Kf2 Nh3+ 48. Kf1 f2 49. Ba7 Kg8 50. b8=Q Rxb8 51. Bxb8 Kf7 52. Bd5+ Ke7 53.
Bg2 Nf4 54. Kxf2 Ke6 55. Bf3 g5 56. Ke3 Kf5 57. Be4+ Ke6 58. c4 Ng6 59. c5 g4
60. Kd4 Nf4 61. c6 Ne2+ 62. Ke3 Nc3 63. Bd6 Nb5 64. Bb8 g5 65. c7 Kd7 66. Bf5+
{Normal} 1-0

[Event "Rated Blitz game"]
[Site "?"]
[Date "2021.06.03"]
[Round "?"]
[White "Pollo_Patatine"]
[Black "spreadlove11"]
[Result "0-1"]
[ECO "C46"]
[WhiteElo "2375"]
[BlackElo "2552"]
[PlyCount "62"]
[EventDate "2021.??.??"]
[EventType "blitz"]
[TimeControl "300"]

1. e4 e5 2. Nc3 Nf6 3. Nf3 Nc6 4. Nxe5 Nxe5 5. d4 Nc6 6. d5 Nb8 7. e5 Ng8 8.
Bc4 d6 9. e6 Nf6 10. O-O Be7 11. exf7+ Kxf7 12. h3 Nbd7 13. Bf4 Ne5 14. Bxe5
dxe5 15. d6+ Be6 16. Bxe6+ Kxe6 17. dxe7 Qxe7 18. Qf3 c6 19. Rfe1 Rhe8 20. Ne4
Kf7 21. Qb3+ Kf8 22. Rad1 Rad8 23. Rxd8 Rxd8 24. Ng5 Rd6 25. Rxe5 Rd1+ 26. Kh2
Qxe5+ 27. g3 Qxg5 28. Qxb7 Qd2 29. Qxa7 Qd4 30. Qb8+ Kf7 31. Qc7+ Nd7 {Normal}
0-1

[Event "Rated Blitz game"]
[Site "?"]
[Date "2021.06.03"]
[Round "?"]
[White "forbiddencheapos"]
[Black "RICKMALONE"]
[Result "1-0"]
[ECO "C46"]
[WhiteElo "2416"]
[BlackElo "2352"]
[PlyCount "39"]
[EventDate "2021.??.??"]
[EventType "blitz"]
[TimeControl "300"]

1. e4 e5 2. Nf3 Nc6 3. Nc3 Nf6 4. Nxe5 Nxe5 5. d4 Ng6 6. e5 Ng8 7. Bc4 d6 8.
Qf3 Be6 9. Qxb7 N8e7 10. d5 Bf5 11. e6 Ne5 12. Nb5 Rc8 13. Bb3 fxe6 14. dxe6
N7c6 15. Ba4 Bxe6 16. Nxa7 Bd7 17. Nxc6 Nxc6 18. Bxc6 Qe7+ 19. Be3 g6 20. Qxc8+
{Normal} 1-0

[Event "Rated Blitz tournament OOyC3O3U"]
[Site "?"]
[Date "2021.06.03"]
[Round "?"]
[White "juan-carlos"]
[Black "gambithounter"]
[Result "0-1"]
[ECO "C46"]
[WhiteElo "2275"]
[BlackElo "2412"]
[PlyCount "70"]
[EventDate "2021.??.??"]
[EventType "blitz"]
[TimeControl "180"]

1. e4 e5 2. Nf3 Nf6 3. Nc3 Nc6 4. Nxe5 Bc5 5. Nxc6 dxc6 6. d3 Qd4 7. Qf3 Ng4 8.
Be3 Nxe3 9. fxe3 Qxe3+ 10. Qxe3 Bxe3 11. Ke2 Bh6 12. h3 Be6 13. g4 f5 14. exf5
Bf7 15. Bg2 O-O-O 16. Rhe1 Rhe8+ 17. Kf1 Be3 18. Re2 Re5 19. Rae1 Rde8 20. Nd1
Bf4 21. Rxe5 Bxe5 22. c3 Bxa2 23. d4 Bc4+ 24. Kf2 Bg3+ 25. Kxg3 Rxe1 26. Nf2
Re3+ 27. Kf4 Re2 28. Kf3 Rxb2 29. Ke3 Bd5 30. Bxd5 cxd5 31. Nd3 Rc2 32. Nb4
Rxc3+ 33. Kf4 c6 34. Ke5 a5 35. Na2 Rc2 {Normal} 0-1

[Event "Rated Blitz game"]
[Site "?"]
[Date "2021.06.03"]
[Round "?"]
[White "GoughPhar"]
[Black "chessgalaxy28"]
[Result "1-0"]
[ECO "C46"]
[WhiteElo "2438"]
[BlackElo "2407"]
[PlyCount "69"]
[EventDate "2021.??.??"]
[EventType "blitz"]
[TimeControl "180"]

1. e4 e5 2. Nf3 Nc6 3. Nc3 Nf6 4. Nxe5 Nxe5 5. d4 Ng6 6. e5 Ng8 7. Bc4 d6 8.
Qf3 Qd7 9. O-O c6 10. a4 d5 11. Nxd5 cxd5 12. Bb5 Nh6 13. Bxh6 gxh6 14. Qxd5
Be7 15. Bxd7+ Bxd7 16. Qxb7 Rd8 17. Qxa7 Nf4 18. c3 Bc6 19. f3 Rg8 20. g3 h5
21. Kf2 Nh3+ 22. Ke2 h4 23. Rh1 hxg3 24. hxg3 Rxg3 25. b4 Bxf3+ 26. Kd2 Bxh1
27. Rxh1 Nf2 28. Re1 Rg2 29. Qb7 Rh2 30. Qf3 Rc8 31. Re2 Bg5+ 32. Kc2 Nd1 33.
Rxh2 Nxc3 34. Qxc3 Rxc3+ 35. Kxc3 {Normal} 1-0

[Event "Rated Blitz game"]
[Site "?"]
[Date "2021.06.03"]
[Round "?"]
[White "forbiddencheapos"]
[Black "ZpiggyJoho"]
[Result "1-0"]
[ECO "C46"]
[WhiteElo "2421"]
[BlackElo "2355"]
[PlyCount "61"]
[EventDate "2021.??.??"]
[EventType "blitz"]
[TimeControl "300"]

1. e4 e5 2. Nf3 Nc6 3. Nc3 Nf6 4. Nxe5 Nxe5 5. d4 Nc6 6. d5 Ne5 7. f4 Ng6 8. e5
Ng8 9. d6 c6 10. Bc4 f6 11. O-O a5 12. a4 Nh6 13. Qh5 Qb6+ 14. Kh1 Kd8 15. b3
Qd4 16. Rf3 fxe5 17. Be3 Qxd6 18. Bb6+ Ke8 19. fxe5 Qb4 20. Bc7 Bc5 21. Qg5 Be7
22. Qxh6 gxh6 23. Bf7+ Kf8 24. Bc4+ Nf4 25. Rxf4+ Kg7 26. Rf7+ Kg6 27. Raf1
Qxc3 28. Rxe7 d5 29. Rf6+ Kh5 30. Be2+ Kh4 31. g3+ {Time forfeit} 1-0

[Event "Rated Blitz game"]
[Site "?"]
[Date "2021.06.03"]
[Round "?"]
[White "forbiddencheapos"]
[Black "ZpiggyJoho"]
[Result "1-0"]
[ECO "C46"]
[WhiteElo "2408"]
[BlackElo "2359"]
[PlyCount "39"]
[EventDate "2021.??.??"]
[EventType "blitz"]
[TimeControl "300"]

1. e4 e5 2. Nf3 Nc6 3. Nc3 Nf6 4. Nxe5 Nxe5 5. d4 Nc6 6. d5 Ne5 7. f4 Ng6 8. e5
Ng8 9. d6 f6 10. Nb5 fxe5 11. Nxc7+ Kf7 12. Bc4+ Kf6 13. Nd5+ Kf5 14. g4+ Ke6
15. Nc7+ Kf6 16. g5+ Kf5 17. Qd3+ Kg4 18. Rg1+ Kh5 19. Qf3+ Kh4 20. Qg4# {
Normal} 1-0

[Event "Rated Blitz game"]
[Site "?"]
[Date "2021.06.02"]
[Round "?"]
[White "forbiddencheapos"]
[Black "PenguinBlue"]
[Result "0-1"]
[ECO "C46"]
[WhiteElo "2407"]
[BlackElo "2387"]
[PlyCount "50"]
[EventDate "2021.??.??"]
[EventType "blitz"]
[TimeControl "300"]

1. e4 e5 2. Nf3 Nc6 3. Nc3 Nf6 4. Nxe5 Nxe5 5. d4 Ng6 6. e5 Ng8 7. Bc4 c6 8.
Qf3 Qe7 9. O-O f6 10. Re1 fxe5 11. dxe5 Nh6 12. Bd2 Nf7 13. Qg3 Nfxe5 14. Bb3
d6 15. f4 Qc7 16. fxe5 d5 17. h4 Bc5+ 18. Kh1 O-O 19. h5 Ne7 20. Ne4 Bb6 21.
Rf1 Be6 22. h6 Nf5 23. Qg4 Qxe5 24. Rae1 Nxh6 25. Bxh6 Rxf1+ {Normal} 0-1

[Event "Rated Blitz tournament UWn05mPF"]
[Site "?"]
[Date "2021.06.02"]
[Round "?"]
[White "pombooo"]
[Black "Beastofuyo"]
[Result "0-1"]
[ECO "C46"]
[WhiteElo "2412"]
[BlackElo "2440"]
[PlyCount "76"]
[EventDate "2021.??.??"]
[EventType "blitz"]
[TimeControl "180+1"]

1. e4 e5 2. Nf3 Nc6 3. Nc3 Nf6 4. Nxe5 Nxe5 5. d4 Ng6 6. e5 Ng8 7. Bc4 d5 8.
Bxd5 N8e7 9. Bb3 Nf5 10. Be3 c5 11. d5 Nxe5 12. Qe2 Be7 13. f4 Nxe3 14. fxe5
Nf5 15. d6 Bh4+ 16. g3 Bg5 17. h4 Nd4 18. Bxf7+ Kxf7 19. Qf2+ Bf6 20. O-O-O Rf8
21. Nd5 Kg8 22. exf6 gxf6 23. Ne7+ Kg7 24. h5 Qxd6 25. h6+ Kh8 26. Rhe1 Bg4 27.
Nf5 Bxf5 28. Rxd4 Qxd4 29. Qxf5 Rae8 30. Rd1 Qe3+ 31. Kb1 Qd2 32. Qf1 Qxh6 33.
a3 Rd8 34. Re1 Rfe8 35. Rd1 Rxd1+ 36. Qxd1 Qe3 37. Qd7 Qe1+ 38. Ka2 Qe6+ {
Normal} 0-1

[Event "Rated Blitz game"]
[Site "?"]
[Date "2021.06.02"]
[Round "?"]
[White "Pollo_Patatine"]
[Black "ZHeMbA"]
[Result "1-0"]
[ECO "C46"]
[WhiteElo "2363"]
[BlackElo "2474"]
[PlyCount "65"]
[EventDate "2021.??.??"]
[EventType "blitz"]
[TimeControl "300"]

1. e4 e5 2. Nc3 Nc6 3. Nf3 Nf6 4. Nxe5 Nxe5 5. d4 Ng6 6. e5 Ng8 7. Bc4 d5 8.
Bxd5 c6 9. Bb3 N8e7 10. O-O Nd5 11. Nxd5 cxd5 12. f4 Ne7 13. Bd2 g6 14. Bb4 Nc6
15. Bxf8 Kxf8 16. c3 Kg7 17. Bc2 Ne7 18. Qf3 h5 19. h3 Bf5 20. Bb3 Qd7 21. Rae1
a5 22. Rf2 a4 23. Bd1 Rab8 24. a3 b5 25. Bc2 Qe6 26. Bd3 Bxd3 27. Qxd3 Nf5 28.
g4 hxg4 29. hxg4 Nd6 30. f5 Nxf5 31. gxf5 gxf5 32. Qxf5 Qxf5 33. Rxf5 {Normal}
1-0

[Event "Rated Blitz game"]
[Site "?"]
[Date "2021.06.02"]
[Round "?"]
[White "Niemans"]
[Black "GeenLouisV"]
[Result "1-0"]
[ECO "C46"]
[WhiteElo "2372"]
[BlackElo "2401"]
[PlyCount "55"]
[EventDate "2021.??.??"]
[EventType "blitz"]
[TimeControl "180"]

1. e4 e5 2. Nf3 Nc6 3. Nc3 Nf6 4. Nxe5 Nxe5 5. d4 Nc6 6. d5 Ne5 7. f4 Ng6 8. e5
Bb4 9. exf6 Qxf6 10. Bd3 O-O 11. O-O d6 12. Ne4 Qd4+ 13. Kh1 f5 14. Nd2 Qf6 15.
Nf3 Bd7 16. a4 Rae8 17. c3 Bc5 18. b4 Be3 19. Re1 Qxc3 20. Bxe3 Qxb4 21. Rb1
Qa3 22. Rxb7 Bxa4 23. Qd2 Rf7 24. Rxa7 Rfe7 25. h3 Qb3 26. Rb1 Qxd5 27. Rxa4
Rxe3 28. Bc4 {Normal} 1-0

[Event "Rated Blitz game"]
[Site "?"]
[Date "2021.06.01"]
[Round "?"]
[White "mincso"]
[Black "Hossamelmalla7"]
[Result "1-0"]
[ECO "C46"]
[WhiteElo "2403"]
[BlackElo "2360"]
[PlyCount "51"]
[EventDate "2021.??.??"]
[EventType "blitz"]
[TimeControl "180+2"]

1. e4 Nc6 2. Nc3 Nf6 3. Nf3 e5 4. Nxe5 Nxe5 5. d4 Nc6 6. d5 Ne7 7. e5 Nfg8 8.
d6 Ng6 9. Nb5 cxd6 10. exd6 Bxd6 11. Qxd6 Qe7+ 12. Be3 Qxd6 13. Nxd6+ Ke7 14.
Bc5 b6 15. Ba3 Kd8 16. Nxf7+ Kc7 17. Bd6+ Kc6 18. Nxh8 Nxh8 19. O-O-O Nf7 20.
Bf8 g6 21. g3 d5 22. Bg2 Be6 23. Rhe1 Rxf8 24. Rxe6+ Kd7 25. Bxd5 Ng5 26. Re5 {
Normal} 1-0

[Event "Rated Blitz game"]
[Site "?"]
[Date "2021.06.01"]
[Round "?"]
[White "khalid_ontawar"]
[Black "winthlin"]
[Result "0-1"]
[ECO "C46"]
[WhiteElo "2425"]
[BlackElo "2450"]
[PlyCount "126"]
[EventDate "2021.??.??"]
[EventType "blitz"]
[TimeControl "180"]

1. e4 e5 2. Nc3 Nf6 3. Nf3 Nc6 4. Nxe5 Nxe5 5. d4 Ng6 6. e5 Ng8 7. Bc4 d5 8.
Bxd5 c6 9. Bb3 Be6 10. O-O Qd7 11. f4 N8e7 12. Be3 O-O-O 13. Ne4 Nf5 14. Bf2
Nxf4 15. c4 Nxd4 16. Kh1 Ng6 17. Nd6+ Bxd6 18. Qxd4 Bb8 19. Qe3 Qd2 20. Qe4 Qd3
21. Qe1 Qd7 22. Qa5 Qc7 23. Qb4 Rd7 24. Rfe1 Rhd8 25. h3 h5 26. c5 Rd2 27. Bg3
h4 28. Bh2 Bd5 29. Qxd2 Bxb3 30. Qg5 Bd5 31. b4 Qd7 32. Qe3 Qe6 33. Rad1 a6 34.
a4 Bc7 35. Rd2 Re8 36. Red1 Nxe5 37. Re1 f6 38. Rde2 g5 39. Qd4 Qd7 40. Bxe5
Bxe5 41. Qe3 Bc7 42. Qf2 Rxe2 43. Qxe2 Qxh3+ 44. Kg1 Qd7 45. Qe8+ Bd8 46. Re6
Bxe6 47. Qg6 Qd5 48. Qe4 Qd4+ 49. Qxd4 Bd7 50. Qe3 Bc7 51. Qf2 Be5 52. Qf1 Bd4+
53. Qf2 Bxf2+ 54. Kxf2 f5 55. Ke3 g4 56. g3 h3 57. Kf4 h2 58. Kg5 h1=Q 59. Kf6
Qg1 60. Ke5 Qxg3+ 61. Kf6 Qb3 62. Ke7 Qxb4 63. Kd6 Qxa4 {Time forfeit} 0-1

[Event "Rated Blitz game"]
[Site "?"]
[Date "2021.06.01"]
[Round "?"]
[White "forbiddencheapos"]
[Black "MoldeMagician"]
[Result "1/2-1/2"]
[ECO "C46"]
[WhiteElo "2402"]
[BlackElo "2270"]
[PlyCount "103"]
[EventDate "2021.??.??"]
[EventType "blitz"]
[TimeControl "300"]

1. e4 e5 2. Nf3 Nc6 3. Nc3 Nf6 4. Nxe5 Nxe5 5. d4 Ng6 6. e5 Bb4 7. exf6 Qxf6 8.
Bc4 c6 9. Qe2+ Qe7 10. d5 Qxe2+ 11. Kxe2 Ne5 12. Bb3 Bxc3 13. bxc3 O-O 14. Rd1
Re8 15. Kf1 c5 16. f4 Ng4 17. h3 Nf6 18. d6 b6 19. a4 Ba6+ 20. Kg1 c4 21. Ba2
Ne4 22. Rd4 Nxc3 23. Bxc4 Bxc4 24. Rxc4 Ne2+ 25. Kf2 Nxc1 26. Rxc1 Rac8 27.
Rxc8 Rxc8 28. c4 Kf8 29. a5 Rc6 30. axb6 axb6 31. Rd1 Rxc4 32. Ra1 g6 33. Ra8+
Kg7 34. Rd8 Kf6 35. Rxd7 Rd4 36. Ke3 Rd5 37. Ke4 Rd1 38. g4 h6 39. h4 g5 40.
hxg5+ hxg5 41. f5 b5 42. Rd8 b4 43. d7 b3 44. Rb8 Rxd7 45. Rb6+ Kg7 46. Rxb3
Ra7 47. Rb4 Ra5 48. Rc4 Kf6 49. Rc6+ Kg7 50. Rc4 Kf6 51. Rc6+ Kg7 52. Rc4 {
Normal} 1/2-1/2